 Dungeon Crawl Stone Soup version 0.30-a0-439-g9e77e4d916 (webtiles) character file.

Game seed: 17072053857907856909

8 AigisTheKnight the Firebug (level 2, 16/19 HPs)
             Began as a Demonspawn Fire Elementalist on Dec 10, 2022.
             Quit the game on level 1 of the Dungeon.
             The game lasted 00:00:38 (452 turns).

AigisTheKnight the Firebug (DsFE)                    Turns: 452, Time: 00:00:39

Health: 16/19      AC:  3    Str:  8    XL:     2   Next: 0%
Magic:  0/5        EV: 12    Int: 16    God:
Gold:   13         SH:  0    Dex: 13    Spells: 4/5 levels left

rFire   . . .      SeeInvis .    (no weapon)
rCold   . . .      Faith    .    (no shield)
rNeg    . . .      Spirit   .    a - +0 robe
rPois   .          Reflect  .    (no helmet)
rElec   .          Harm     .    c - +0 cloak
rCorr   .          Rampage  .    (no gloves)
Will    .....                    (no boots)
Stlth   ++........               (no amulet)
HPRegen 0.23/turn                (no ring)
MPRegen 0.09/turn                (no ring)

@: very slightly contaminated
A: demonic touch 1
a: no special abilities


You were on level 1 of the Dungeon.
You visited 1 branch of the dungeon, and saw 1 of its levels.

You collected 13 gold pieces.

Inventory:

Armour
 a - a +0 robe (worn)
 c - a +0 cloak (worn)
Scrolls
 d - a scroll of identify {unknown}
Potions
 b - a potion of magic


   Skills:
 + Level 0.3 Fighting
 + Level 1.9 Dodging
 + Level 2.0 Stealth
 + Level 2.1 Spellcasting
 + Level 1.1 Conjurations
 + Level 2.7 Fire Magic


You had 4 spell levels left.
You knew the following spells:

 Your Spells              Type           Power      Damage    Failure   Level
a - Foxfire               Conj/Fire      32%        2x1d5     9%          1

Your spell library contained the following spells:

 Spells                   Type           Power      Damage    Failure   Level
 Scorch                   Fire           20%        2d6       10%         2
 Inner Flame              Hex/Fire       6%         N/A       34%         3
 Kindle Blastsparks       Fire/Tloc/Air  8%         2d10      38%         3
 Stone Arrow              Conj/Erth      6%         3d7       43%         3
 Flame Wave               Conj/Fire      8%         2d5       65%         4
 Animate Armour           Summ/Erth      2%         N/A       90%         4
 Lehudib's Crystal Spear  Conj/Erth      1%         10d2      100%        8


Dungeon Overview and Level Annotations

Branches:
Dungeon (1/15)

Altars:


Innate Abilities, Weirdness & Mutations

Your touch may inflict minor irresistible damage on your foes.


Message History

Confirm with . or Enter, or press ? or * to list all spells.
You conjure some foxfire!
The frilled lizard misses you.
Unknown command.
You closely miss the frilled lizard.
The foxfire hits the frilled lizard.
You kill the frilled lizard!
Your Stealth skill increases to level 2!
No target in view!
Your foxfire dissipates!
Your magical contamination has completely faded away.
You open the door.
There is an open door here.
There is an open door here.
There is a stone staircase leading down here.
Found a spear.
You see here a +0 spear.
You see here a ball python skeleton.
Found a stone.
A rat comes into view.
Found a stone staircase leading down.
A rat is nearby!
Casting: Foxfire (safe; 9% risk of failure)
Confirm with . or Enter, or press ? or * to list all spells.
You miscast Foxfire.
You are very lightly contaminated with residual magic.
Nothing appears to happen.
Unknown command.
Casting: Foxfire (safe; 9% risk of failure)
Confirm with . or Enter, or press ? or * to list all spells.
You conjure some foxfire!
The rat barely misses you.
Unknown command.
Casting: Foxfire (safe; 9% risk of failure)
Confirm with . or Enter, or press ? or * to list all spells.
You conjure some foxfire!
The rat bites you.
Unknown command.
You hit the rat but do no damage.
The foxfire hits the rat.
You kill the rat!
You have reached level 2!
Your demonic ancestry asserts itself...
Your hands begin to faintly glow with unholy energy.
Are you sure you want to abandon this character and quit the game? (Confirm with "yes".)

#.# .# ### #.##.# #.## #
#.##.# #.##.#.##.##.#
#.##.#.##.##.#
#.##......##.#
#####.##.#.#..##§####.##
...............§v.v...>#
#####.##.#.#..##@§v(....
####..........##†####..#
....................
####..##.#.##.##.#?#
.........÷..........
.###..##.#.#.÷#### ##
.#................
.#.#..##.#.#.##.##
##.#..##.#.#.##.##[...


There were no monsters in sight!

Vanquished Creatures
  A bat (D:1)
  2 hobgoblins (D:1)
  2 ball pythons (D:1)
  A frilled lizard (D:1)
  2 rats (D:1)
8 creatures vanquished.

Vanquished Creatures (others)
  25 foxfires (D:1)
25 creatures vanquished.

Grand Total: 33 creatures vanquished

Notes
Turn   | Place    | Note
-------+----------+-------------------------------------------
     0 | D:1      | AigisTheKnight the Demonspawn Fire Elementalist began the
                  | quest for the Orb.
     0 | D:1      | Reached XP level 1. HP: 13/13 MP: 3/3
    90 | D:1      | Found a faded altar of an unknown god.
   452 | D:1      | Gained mutation: Your touch may inflict minor irresistible
                  | damage on your foes. [demonic ancestry]
   452 | D:1      | Reached XP level 2. HP: 16/19 MP: 0/5
   452 | D:1      | Quit the game

Illustrated notes

Levels and vault maps discovered:
D:1:      roderic_crossed_star, layout_basic, dreamdust_ecumenical_altar_statues

Skill      XL: |  1 |
---------------+----+-----
Stealth        | 2 |  2.0
Fighting       | |  0.3
Dodging        | |  1.9
Spellcasting   | |  2.1
Conjurations   | |  1.1
Fire Magic     | |  2.7

Action                   || total
-------------------------++-------
Melee: Unarmed           ||    30
 Cast: Foxfire           ||    15
Armor: Robe              ||     5
Dodge: Dodged            ||    25

Table legend: (Time is in decaauts)
 A = Elapsed time spent in this place.
 B = Non-inter-level travel time spent in this place.
 C = Inter-level travel time spent in this place.
 D = Time resting spent in this place.
 E = Time spent auto-exploring this place.
 F = Levels seen in this place.
 G = Mean time per level.
                   A        B        C        D        E       F      G
               +--------+--------+--------+--------+--------+-----+--------+
         Total |    452 |    452 |      0 |      0 |    367 |   1 |  452.0 |
       Dungeon |    452 |    452 |      0 |      0 |    367 |   1 |  452.0 |
               +--------+--------+--------+--------+--------+-----+--------+

Top non-repeatable levels by time:
     D:1: 452 daAuts
